 Dungeon Crawl Stone Soup version 0.19-a0-1682-g5114f93 (webtiles) character file.

120365 DeloreanTremens the Imperceptible (level 16, 0/80 HPs)
             Began as a Spriggan Enchanter on Sept 23, 2016.
             Was a High Priest of Dithmenos.
             Killed from afar by a merfolk aquamancer (26 damage)
             ... with a great wave of water
             ... on level 3 of the Shoals on Sept 25, 2016.
             The game lasted 03:56:33 (38203 turns).

DeloreanTremens the Imperceptible (SpEn)           Turns: 38203, Time: 03:56:35

Health: 0/80       AC:  6    Str:  2 (4)  XL:     16   Next: 29%
Magic:  33/40      EV: 32    Int: 20      God:    Dithmenos [*****.]
Gold:   2528       SH:  0    Dex: 19 (20) Spells: 5 memorised, 20 levels left

rFire  . . .     SeeInvis +     C - +3 dagger (venom)
rCold  . . .     Gourm    .     v - +2 robe {MR+}
rNeg   . . .     Faith    .     (shield restricted)
rPois  .         Spirit   .     (helmet restricted)
rElec  .         Dismiss  +     H - +0 cloak
rCorr  .         Reflect  .     (gloves unavailable)
MR     ++++.     Harm     .     (boots unavailable)
Stlth  ++++++++++               D - amulet of dismissal
                                u - ring of magical power
                                J - ring of protection from magic

@: wreathed by umbra, very quick
A: unfitting armour, see invisible, herbivore 3, speed 3, slow metabolism 2
a: Shadow Step, Shadow Form, Renounce Religion


You were on level 3 of the Shoals.
You worshipped Dithmenos.
Dithmenos was extremely pleased with you.
You were not hungry.

You visited 7 branches of the dungeon, and saw 30 of its levels.

You collected 2528 gold pieces.

Inventory:

Hand Weapons
 y - a +5 rapier of electrocution
 C - a +3 dagger of venom (weapon)
Armour
 n - a +2 robe of fire resistance
 v - a +2 robe of magic resistance (worn)
 H - a +0 cloak (worn)
 K - a +1 buckler of reflection
Jewellery
 q - an uncursed amulet of magic regeneration
 u - a ring of magical power (right hand)
 w - an uncursed ring of flight
 D - an amulet of dismissal (around neck)
 J - a ring of protection from magic (left hand)
 S - an uncursed ring of protection from magic
 W - a +2 ring of strength
 X - an uncursed ring of protection from cold
 Y - a +1 ring of protection
Wands
 a - a wand of paralysis (7/24)
 o - a wand of iceblast (0/15)
 t - a wand of iceblast (8/15)
 z - a wand of paralysis (5/24)
 P - a wand of lightning (9/15)
 Q - a wand of teleportation (4/9)
 T - a wand of lightning (4/15)
 Z - a wand of lightning (10/15)
Scrolls
 c - a scroll of enchant weapon
 f - 7 scrolls of enchant armour
 g - 18 scrolls of remove curse
 i - a scroll of fear
 m - 9 scrolls of identify
 r - 6 scrolls of magic mapping
 E - a scroll of silence
 F - 4 scrolls of recharging
 I - 2 scrolls of teleportation
 M - a scroll of fog
Potions
 e - a potion of flight
 h - 2 potions of curing
 j - a potion of invisibility
 k - a potion of cure mutation
 s - a potion of might
 x - a potion of resistance
 B - a potion of haste
 G - 2 potions of berserk rage
 L - a potion of ambrosia {unknown}
 N - a potion of magic {unknown}
 O - a potion of heal wounds
 R - a potion of cancellation {unknown}
 U - 2 potions of brilliance
 V - a potion of agility {unknown}
Books
 b - a book of Necromancy

   Spells                             Type                      Level
   a - Pain                           Necromancy                   1
   b - Animate Skeleton               Necromancy                   1
   c - Vampiric Draining              Necromancy                   3
   d - Regeneration                   Charms/Necromancy            3
   e - Animate Dead                   Necromancy                   4
   f - Control Undead                 Necromancy                   4
Comestibles
 d - 13 bread rations
 l - 4 royal jellies
 p - 23 fruits
 A - 2 slices of pizza


   Skills:
 - Level 7.0 Fighting
 * Level 10.2 Short Blades
 - Level 15.0 Dodging
 - Level 21.7 Stealth
 - Level 10.0 Spellcasting
 - Level 16.6 Hexes
 * Level 6.5 Necromancy
 - Level 9.0 Invocations


You had 20 spell levels left.
You knew the following spells:

 Your Spells              Type           Power        Failure   Level  Hunger
a - Animate Dead          Necr           N/A          6%          4    ##.....
b - Ensorcelled Hibernat  Hex/Ice        #####.       1%          2    None
c - Confuse               Hex            ######..     1%          3    None
d - Tukima's Dance        Hex            ######..     1%          3    None
e - Dazzling Spray        Conj/Hex       #####.       1%          3    None


Dungeon Overview and Level Annotations

Branches:
Dungeon (15/15)            Temple (1/1) D:4            Lair (6/6) D:8
 Shoals (4/4) Lair:3        Snake (1/4) Lair:2        Slime (0/5) Lair:6
    Orc (2/2) D:10            Elf (1/3) Orc:2        Vaults (0/5) D:14
 Depths (0/5) D:15

Altars:
Ashenzari
Cheibriados
Dithmenos
Elyvilon
Fedhas
Gozag
Hepliaklqana
Kikubaaqudgha
Makhleb
Nemelex Xobeh
Okawaru
Qazlal
Ru
Sif Muna
Trog
Uskayaw
Vehumet
Xom
Yredelemnul
Zin
The Shining One
Beogh

Shops:
D:10 [   Orc:2 ((([=

Portals:
Trove: D:15 (give 7 potions of haste)

Annotations:
D:4 Menkaure
Snake:1 Josephine


Innate Abilities, Weirdness & Mutations

You are tiny and cannot use many weapons and most armour.
You have supernaturally acute eyesight. (SInv)
You are a herbivore.
You cover ground extremely quickly.
You need consume almost no food.


Message History

The shard of ice misses you.
Casting: Ensorcelled Hibernation
Confirm with . or Enter, or press ? or * to list all spells.
Aiming: Ensorcelled Hibernation
Press: ? - help, Shift-Dir - straight line, f/p - merfolk aquamancer
Aim: a merfolk aquamancer, wielding a rapier of electrocution and wearing a robe (umbra, chance to defeat MR: 19%)
The merfolk aquamancer resists with almost no effort.
You are engulfed in a cloud of scalding steam.
Casting: Ensorcelled Hibernation
Confirm with . or Enter, or press ? or * to list all spells.
Aiming: Ensorcelled Hibernation
Press: ? - help, Shift-Dir - straight line, f/p - merfolk aquamancer
Aim: a merfolk aquamancer, wielding a rapier of electrocution and wearing a robe (umbra, chance to defeat MR: 19%)
The merfolk aquamancer resists with almost no effort.
Your shadow mimicks your spell!
The merfolk aquamancer resists with almost no effort.
You are engulfed in a cloud of scalding steam.
The merfolk aquamancer casts a spell at you.
The great wave of water hits you!
You die...

≈≈≈≈≈≈≈≈≈≈≈≈≈≈≈≈≈≈≈≈≈≈ ≈≈≈≈
≈≈≈≈≈≈≈≈..≈..≈≈≈≈≈≈≈≈≈≈≈≈ ≈≈≈≈≈
≈≈≈≈≈≈≈≈.≈...≈≈≈≈≈≈≈≈≈≈≈≈≈≈≈≈≈≈≈
≈≈≈≈≈≈≈......≈≈≈≈≈≈≈≈≈≈≈≈≈≈≈≈≈≈≈
≈≈≈≈≈≈......≈≈....≈≈≈≈≈≈≈≈≈≈≈≈≈≈
≈≈≈≈≈≈....#......≈§§.≈≈≈≈≈≈≈≈≈≈≈
≈≈≈≈.E.≈..##...≈≈≈§§§≈≈≈≈≈≈≈≈≈≈≈
≈≈≈≈....≈..#..≈≈§§§≈§≈≈≈≈≈≈≈≈≈≈≈
≈≈≈....≈≈≈E..§@.≈≈≈≈≈≈≈≈≈≈≈≈≈≈.
≈≈≈...≈≈≈...m...≈≈≈≈≈≈≈≈≈≈...(
≈≈..............≈≈≈≈≈≈≈≈≈...#
≈≈....≈≈...≈....≈≈≈≈≈≈≈≈≈...#
≈≈≈.≈.≈≈.....≈≈≈≈≈≈≈≈≈≈≈≈.##.
≈≈......>...≈≈≈≈.≈≈≈≈≈≈≈≈..#.
≈H≈...........≈≈≈≈≈≈≈≈≈≈.....
≈≈≈≈.....##.....≈≈≈≈≈≈≈...#..
≈≈≈≈≈...###....≈≈≈≈≈≈≈≈.####.


You could see a merfolk aquamancer and a water elemental.

Vanquished Creatures
  A frost giant (D:15)
  A stone giant (Orc:1)
  2 fire dragons
  A merfolk javelineer (Shoals:2)
  3 merfolk impalers
  A rakshasa (D:13)
  A vault guard (D:14)
  5 hydras
  3 catoblepae
  A merfolk aquamancer (Shoals:1)
  2 centaur warriors
  A merfolk avatar (Shoals:2)
  An anaconda (Snake:1)
  The ghost of mhoghedin the Martial Artist, a novice DsCK of Xom (Lair:1)
  An alligator snapping turtle (Shoals:3)
  10 death yaks
  4 tengu warriors
  3 orc high priests (Orc:2)
  3 naga sharpshooters (Snake:1)
  A shock serpent (Snake:1)
  A skeletal warrior (D:13)
  A sea snake (shapeshifter) (D:14)
  9 sea snakes
  4 unseen horrors
  Pikel (D:6)
  A naga ritualist (Snake:1)
  A necromancer (D:15)
  5 orc knights (Orc:2)
  A harpy (shapeshifter) (D:14)
  9 harpies
  10 hill giants
  3 ugly things
  A mana viper (Lair:2)
  A wolf spider zombie (D:15)
  5 orc sorcerers
  4 deep elf magi
  7 fauns
  5 manticores
  5 elephants (Lair:6)
  A cyclops (D:14)
  3 centaur zombies
  Maurice (D:9)
  A torpor snail (Lair:3)
  4 sirens
  3 water nymphs
  2 naga magi (Snake:1)
  5 black mambas
  A spiny frog (shapeshifter) (D:15)
  10 spiny frogs
  A kobold demonologist (D:14)
  5 komodo dragons
  An efreet (D:10)
  2 rime drakes (Lair:6)
  3 tengu conjurers (D:14)
  A troll (shapeshifter) (D:14)
  19 merfolk
  3 wind drakes
  3 polar bears
  2 two-headed ogres
  8 trolls
  13 slime creatures
  A jumping spider (shapeshifter) (D:14)
  4 snapping turtles
  8 blink frogs (Lair:3)
  2 meliai zombies (D:15)
  17 hippogriffs
  9 dream sheep
  Sigmund (D:5)
  3 shadows
  23 yaks
  A tarantella (shapeshifter) (D:14)
  3 wyverns
  7 water elementals
  2 wraiths
  Grum (D:9)
  5 basilisks
  2 steam dragons (Lair:6)
  4 hungry ghosts
  2 wargs (Orc:2)
  6 mottled dragons
  8 vampire mosquitoes
  9 nagas
  11 water moccasins
  7 porcupines
  Duvessa (D:5)
  7 ice beasts
  26 orc warriors
  5 sky beasts
  3 slaves (D:6)
  A black bear (D:7)
  An eye of draining (D:10)
  5 phantoms
  A necrophage (D:8)
  2 wasps
  7 ogres
  10 wolves
  13 centaurs
  7 crocodiles
  Blork the orc (D:6)
  3 big kobolds
  18 bullfrogs
  2 wyvern zombies
  5 scorpions
  Dowan (D:5)
  6 killer bees (D:13)
  11 wights
  2 howler monkeys
  3 electric eels
  7 crimson imps
  A bullfrog zombie (D:12)
  A wyvern simulacrum (D:14)
  25 orc priests
  7 jellies
  6 hounds
  2 gnoll shamans (D:10)
  8 centaur skeletons
  4 bullfrog skeletons
  8 iguanas
  28 orc wizards
  7 worker ants
  4 hell rats (Lair:6)
  A hound zombie (D:5)
  10 gnolls (D:10)
  13 adders
  43 river rats
  6 shadow imps
  2 oozes (Lair:6)
  4 adder skeletons
  2 worms
  3 dart slugs
  8 leopard geckos
  77 orcs
  8 bats
  7 giant cockroaches
  8 goblins
  10 hobgoblins
  18 jackals
  5 quokkas
  2 ball pythons
  14 frilled lizards
  A jackal skeleton (D:5)
  16 kobolds
  5 rats
  A plant (Lair:6)
861 creatures vanquished.

Vanquished Creatures (collateral kills)
  3 orc warriors
  An ogre (Orc:2)
  A wight (D:11)
  5 orcs
10 creatures vanquished.

Vanquished Creatures (others)
  An elephant (Lair:6)
  3 dancing weapons
  A howler monkey (D:6)
  An orc (Orc:1)
  7 fungi
  12 plants
25 creatures vanquished.

Grand Total: 896 creatures vanquished

Notes
Turn   | Place    | Note
-------+----------+-------------------------------------------
     0 | D:1      | DeloreanTremens the Spriggan Enchanter began the quest for the Orb.
     0 | D:1      | Reached XP level 1. HP: 9/9 MP: 5/5
   156 | D:1      | Reached XP level 2. HP: 12/13 MP: 7/7
   163 | D:1      | Learned a level 2 spell: Ensorcelled Hibernation
   272 | D:1      | Reached skill level 5 in Stealth
   724 | D:1      | Reached XP level 3. HP: 16/16 MP: 9/9
  1243 | D:2      | Found a glowing golden altar of the Shining One.
  1594 | D:2      | Reached skill level 6 in Stealth
  1599 | D:2      | Reached XP level 4. HP: 21/21 MP: 3/11
  2078 | D:3      | Reached skill level 5 in Spellcasting
  2171 | D:3      | Reached XP level 5. HP: 17/24 MP: 9/13
  2721 | D:4      | Found an opulent altar of Gozag.
  2898 | D:4      | Found a burning altar of Makhleb.
  2909 | D:4      | Found a staircase to the Ecumenical Temple.
  2930 | Temple   | Entered the Ecumenical Temple
  3027 | Temple   | Became a worshipper of Dithmenos the Shadowed
  3060 | D:4      | Noticed Menkaure
  3347 | D:4      | Reached skill level 7 in Stealth
  3441 | D:4      | Reached XP level 6. HP: 28/28 MP: 16/16
  4044 | D:4      | HP: 1/28 [scorpion (8)]
  4373 | D:4      | Learned a level 3 spell: Confuse
  4377 | D:4      | Learned a level 3 spell: Tukima's Dance
  4498 | D:5      | Entered Level 5 of the Dungeon
  4727 | D:5      | Noticed an ice beast
  4731 | D:5      | Noticed Duvessa
  4747 | D:5      | Noticed Dowan
  5014 | D:5      | Killed Dowan
  5014 | D:5      | Reached * piety under Dithmenos
  5219 | D:5      | Reached XP level 7. HP: 32/32 MP: 14/17
  5266 | D:5      | Reached skill level 8 in Stealth
  5610 | D:5      | Reached skill level 5 in Short Blades
  5732 | D:5      | Reached skill level 5 in Hexes
  5830 | D:5      | Noticed Sigmund
  5839 | D:5      | Killed Sigmund
  5839 | D:5      | Reached XP level 8. HP: 36/36 MP: 18/18
  5947 | D:5      | Killed Duvessa
  6758 | D:6      | Noticed Blork the orc
  6762 | D:6      | Killed Blork the orc
  6893 | D:6      | Noticed Pikel
  7051 | D:6      | Killed Pikel
  7100 | D:6      | Reached XP level 9. HP: 44/44 MP: 10/19
  7174 | D:6      | Learned a level 3 spell: Dazzling Spray
  7369 | D:6      | Reached ** piety under Dithmenos
  7704 | D:6      | Found an iron altar of Okawaru.
  7704 | D:6      | Found a basalt altar of Yredelemnul.
  8438 | D:8      | Noticed an unseen horror
  8443 | D:8      | Killed an unseen horror
  8598 | D:8      | Found a staircase to the Lair.
  8717 | D:8      | Reached *** piety under Dithmenos
  9242 | D:8      | Reached skill level 9 in Stealth
  9376 | D:8      | Reached skill level 10 in Dodging
  9540 | D:8      | Reached XP level 10. HP: 49/49 MP: 17/20
  9601 | D:8      | Upgraded the game from 0.19-a0-1673-g1c1b307 to 0.19-a0-1676-g39ae8cc
  9602 | D:9      | Noticed Grum
  9743 | D:9      | Reached skill level 10 in Stealth
  9889 | D:9      | Reached skill level 11 in Stealth
 10182 | D:9      | Noticed Maurice
 10188 | D:9      | Killed Maurice
 10328 | D:9      | Reached skill level 12 in Stealth
 10408 | D:9      | Killed Grum
 10431 | D:9      | Reached **** piety under Dithmenos
 10480 | D:9      | Reached skill level 13 in Stealth
 10577 | D:10     | Entered Level 10 of the Dungeon
 10583 | D:10     | Noticed a hill giant
 10590 | D:10     | Killed a hill giant
 10798 | D:10     | Found Zurphua's Antique Armour Boutique.
 11058 | D:10     | Found a staircase to the Orcish Mines.
 11287 | D:10     | Noticed a hill giant
 11377 | D:10     | Killed a hill giant
 11377 | D:10     | Reached XP level 11. HP: 53/53 MP: 14/21
 11461 | D:10     | Got a steaming iron ring
 11466 | D:10     | Identified the ring of the Voivode {rF+ Stlth-} (You took it off an orc warrior on level 10 of the Dungeon)
 11539 | D:10     | Reached ***** piety under Dithmenos
 11621 | D:10     | Reached skill level 10 in Hexes
 11678 | D:10     | Noticed a hill giant
 11703 | D:10     | Killed a hill giant
 11703 | D:10     | Reached skill level 10 in Short Blades
 12581 | D:11     | Noticed a hill giant
 12585 | D:11     | Found a white marble altar of Elyvilon.
 12587 | D:11     | Killed a hill giant
 13766 | Lair:1   | Entered Level 1 of the Lair of Beasts
 14456 | Lair:1   | Noticed a five-headed hydra
 14477 | Lair:1   | Killed a five-headed hydra
 14477 | Lair:1   | Reached skill level 14 in Stealth
 14487 | Lair:1   | Reached XP level 12. HP: 58/58 MP: 25/25
 14582 | Lair:1   | Noticed mhoghedin's ghost (novice DsCK)
 14745 | Lair:1   | Killed mhoghedin's ghost
 14745 | Lair:1   | Reached skill level 5 in Fighting
 14954 | Lair:1   | Reached skill level 15 in Stealth
 15158 | Lair:2   | Found a staircase to the Snake Pit.
 16183 | Lair:3   | Reached ****** piety under Dithmenos
 16526 | Lair:3   | Reached skill level 16 in Stealth
 17616 | Lair:3   | Found a staircase to the Shoals.
 18377 | Lair:4   | Noticed a death yak
 18377 | Lair:4   | Noticed a death yak
 18381 | Lair:4   | Noticed a death yak
 18514 | Lair:4   | Noticed a death yak
 18515 | Lair:4   | Noticed a death yak
 18534 | Lair:4   | Noticed a death yak
 18536 | Lair:4   | Killed a death yak
 18583 | Lair:4   | Killed a death yak
 18771 | Lair:4   | Killed a death yak
 18850 | Lair:4   | Killed a death yak
 18850 | Lair:4   | Reached skill level 17 in Stealth
 18850 | Lair:4   | Reached XP level 13. HP: 25/65 MP: 26/26
 19943 | Lair:5   | Upgraded the game from 0.19-a0-1676-g39ae8cc to 0.19-a0-1682-g5114f93
 20781 | Lair:6   | Entered Level 6 of the Lair of Beasts
 20930 | Lair:6   | Reached skill level 15 in Dodging
 21205 | Lair:6   | Noticed a fire dragon
 21637 | Lair:6   | Found a staircase to the Slime Pits.
 21932 | Lair:6   | Reached skill level 18 in Stealth
 22916 | Lair:6   | Killed a fire dragon
 24007 | Orc:1    | Entered Level 1 of the Orcish Mines
 24030 | Orc:1    | Noticed a stone giant
 24032 | Orc:1    | Killed a stone giant
 24357 | Orc:2    | Entered Level 2 of the Orcish Mines
 24416 | Orc:2    | Found Fusireoz's Jewellery Shoppe.
 24436 | Orc:2    | Found a staircase to the Elven Halls.
 24814 | Orc:2    | Found a roughly hewn altar of Beogh.
 24854 | Orc:2    | Reached XP level 14. HP: 70/70 MP: 24/27
 25307 | Orc:2    | Found Numeiff's Antique Weapon Shoppe.
 25779 | Orc:2    | Reached skill level 19 in Stealth
 25789 | Orc:2    | Reached skill level 15 in Hexes
 25933 | Orc:2    | Found Wuxeicim's Weapon Shop.
 25939 | Orc:2    | Found Xaun's Weapon Shop.
 25960 | Orc:2    | Found Mekh's Antique Armour Shoppe.
 26413 | Elf:1    | Entered Level 1 of the Elven Halls
 26815 | Orc:1    | Noticed an orc warlord
 26949 | Orc:1    | Found a bloodstained altar of Trog.
 29627 | D:13     | Reached skill level 20 in Stealth
 30596 | D:14     | Reached skill level 1 in Invocations
 30783 | D:14     | Found a gate to the Vaults.
 31105 | D:14     | Reached XP level 15. HP: 75/75 MP: 23/28
 31419 | D:15     | Entered Level 15 of the Dungeon
 31641 | D:15     | Noticed a frost giant
 31648 | D:15     | Killed a frost giant
 31648 | D:15     | Reached skill level 5 in Invocations
 32185 | D:15     | Reached skill level 21 in Stealth
 32378 | D:15     | Found a portal to a secret trove of treasure.
 32729 | D:15     | Found a staircase to the Depths.
 33069 | Snake:1  | Entered Level 1 of the Snake Pit
 33519 | Snake:1  | Noticed Josephine
 34162 | Shoals:1 | Entered Level 1 of the Shoals
 34390 | Shoals:1 | Learned a level 4 spell: Animate Dead
 34492 | Shoals:1 | Reached skill level 1 in Necromancy
 35582 | Shoals:2 | Reached XP level 16. HP: 80/80 MP: 30/30
 36710 | Shoals:3 | Reached skill level 5 in Necromancy
 37170 | Shoals:3 | Reached skill level 10 in Spellcasting
 38062 | Shoals:4 | Entered Level 4 of the Shoals
 38203 | Shoals:3 | Killed from afar by a merfolk aquamancer

Vault maps used:
D:1:      dpeg_arrival_rhombus
D:2:      lemuel_doored_altar
D:3:      first_bread, minmay_hedge_maze
D:4:      lemuel_round_altar, kennysheep_mini, grunt_ministairs_9,
          hangedman_abyss_or_decor_stabs, minmay_lizard_king, uniq_menkaure
D:5:      minmay_misc_feat_iff, uniq_duvessa, uniq_sigmund
D:6:      gammafunk_temple_overflow_elements, uniq_pikel, uniq_blork_the_orc
D:8:      lair_0_dummy
D:9:      hangedman_fish_farm, minmay_unpleasant_kobolds, uniq_grum,
          uniq_maurice
D:10:     hiddenorc1_lemuel, serial_corexii_hall, corexii_hall_statues_x,
          corexii_hall_statues_l, serial_shops, shop, serial_bayou_pond_a
D:11:     hex_intersection, elyvilon_altar_5
D:14:     david_vaults_5, serial_park_tiny_1
D:15:     grunt_enter_depths_magical_seal, hangedman_abyss_or_decor_passed,
          nicolae_trove_entry_crossroad
Temple:   kb_temple_of_zot
Lair:1:   serial_bayou_shore_a, bh_autumn_forest_stairs, lemuel_fruit_fields
Lair:2:   minmay_snake_entry_guardpost_small, infiniplex_staircase_pool,
          lemuel_fruit_fields, lemuel_fruit_fields
Lair:3:   elwin_shoals_entry_rooms, st_stairs_13, grunt_megastairs_3,
          serial_bayou_shore_b
Lair:6:   guppyfry_lair_end_dragon, nicolae_slime_entry_slimehenge
Shoals:2: abandoned_shop, nicolae_shoals_hunting_party
Shoals:4: shoals_end_grunt_garden, shoals_ilsuiw_ice,
          nicolae_shoals_aquamancer_cove
Snake:1:  portal_ice_cave_entry_ice_statue_one, uniq_josephine
Orc:1:    trog_book
Orc:2:    st_orc_elflike, serial_shops, nicolae_shop_stone, basic_altar
Elf:1:    serial_shops, bzr_entry_gold, minmay_elf_annihilation,
          solitary_fountain

Skill      XL: |  1  2  3  4  5  6  7  8  9 10 11 12 13 14 15 16 |
---------------+-------------------------------------------------+-----
Spellcasting   | 3 4 5 6 8 9 10 | 10.0
Stealth        | 5 6 7 8 9 13 14 17 18 20 21 | 21.7
Short Blades   | 3 5 7 9 10 | 10.2
Hexes          | 6 8 9 12 14 16 | 16.6
Fighting       | 3 4 6 7 |  7.0
Dodging        | 6 10 13 15 | 15.0
Invocations    | 3 9 |  9.0
Necromancy     | 4 6 |  6.5

Action                   |  1- 3 |  4- 6 |  7- 9 | 10-12 | 13-15 | 16-18 || total
-------------------------+-------+-------+-------+-------+-------+-------++-------
Melee: Dagger            |   143 |   247 |   278 |   982 |  1202 |    37 ||  2889
       Rapier            |       |       |       |       |       |    27 ||    27
 Cast: Corona            |     2 |       |     2 |       |       |       ||     4
       Ensorcelled Hiber |    17 |    33 |    71 |   129 |   220 |    59 ||   529
       Confuse           |       |     1 |    21 |    39 |    38 |       ||    99
       Tukima's Dance    |       |       |       |     1 |    12 |       ||    13
       Dazzling Spray    |       |       |       |     1 |    15 |     1 ||    17
       Animate Dead      |       |       |       |       |     1 |       ||     1
Invok: Shadow Step       |       |       |       |       |    11 |     1 ||    12
Evoke: Wand              |       |       |     7 |    10 |    36 |       ||    53
  Use: Scroll            |       |     2 |     8 |    10 |    18 |     2 ||    40
       Potion            |       |       |     1 |       |    10 |     6 ||    17
 Stab: Sleeping          |    28 |    33 |    41 |   143 |   263 |    34 ||   542
       Distracted        |     1 |       |       |     8 |    14 |       ||    23
       Confused          |       |     1 |    18 |    16 |    15 |       ||    50
       Invisible         |       |       |       |     1 |       |       ||     1
  Eat: Bread ration      |       |     1 |     1 |     1 |     3 |       ||     6
       Fruit             |       |       |       |       |       |     4 ||     4
Armor: Robe              |    14 |    27 |    12 |    28 |    37 |     4 ||   122
Dodge: Dodged            |   129 |   148 |   145 |   506 |   916 |    62 ||  1906
